 Dungeon Crawl Stone Soup version 0.30-a0-691-g754fce4c43 (webtiles) character file.

Game seed: 8060788363355932968

476 bmack86 the Chopper (level 6, 0/56 HPs)
             Began as a Minotaur Fighter on Jan 19, 2023.
             Killed from afar by a gnoll (9 damage)
             ... with a puff of flame
             ... led by a gnoll bouda
             ... on level 5 of the Dungeon.
             The game lasted 00:08:49 (3079 turns).

bmack86 the Chopper (Minotaur Fighter)              Turns: 3079, Time: 00:08:50

Health: 0/56       AC:  7    Str: 22 (23) XL:     6   Next: 84%
Magic:  5/5        EV:  9    Int:  3 (5)  God:
Gold:   145        SH:  5    Dex:  7 (9)  Spells: 5/5 levels left

rFire   . . .      SeeInvis +    a - +0 war axe
rCold   . . .      Faith    .    c - +1 buckler
rNeg    . . .      Spirit   .    b - +0 scale mail
rPois   .          Reflect  .    (helmet restricted)
rElec   .          Harm     .    (no cloak)
rCorr   .          Rampage  .    (no gloves)
Will    .....                    (no boots) Stlth
                                 (no amulet)
HPRegen 0.29/turn                q - ring of see invisible
MPRegen 0.09/turn                (no ring)

@: brilliant
A: horns 2, retaliatory headbutt
a: no special abilities


You were on level 5 of the Dungeon.
You visited 1 branch of the dungeon, and saw 5 of its levels.

You collected 145 gold pieces.

Inventory:

Hand Weapons
 a - a +0 war axe (weapon)
 e - a +0 battleaxe
Missiles
 r - 4 poisoned darts (quivered)
Armour
 b - a +0 scale mail (worn)
 c - a +1 buckler (worn)
Jewellery
 i - a ring of ice
 q - a ring of see invisible (left hand)
Scrolls
 f - a scroll of identify
 g - 3 scrolls of teleportation
 h - a scroll of enchant armour
 j - a scroll of summoning
 k - a scroll of fear
 p - a scroll of fog
Potions
 d - 2 potions of might
 o - 2 potions of resistance
 u - a potion of haste {unknown}


   Skills:
 + Level 5.1 Fighting
 * Level 5.7 Axes
 + Level 2.0 Throwing
 + Level 5.1 Armour
 + Level 5.0 Shields


You had 5 spell levels left.
You didn't know any spells.
Your spell library contained the following spells:

 Spells                   Type           Power      Damage    Failure   Level
 Call Canine Familiar     Summ           0%         N/A       99%         3
 Portal Projectile        Hex/Tloc       0%         N/A       99%         3
 Leda's Liquefaction      Hex/Erth       0%         N/A       100%        4


Dungeon Overview and Level Annotations

Branches:
Dungeon (5/15)
 Temple: D:4-7

Altars:
Nemelex Xobeh


Innate Abilities, Weirdness & Mutations

You have a pair of horns on your head.
You reflexively headbutt those who attack you in melee.


Message History

Your +0 scale mail unmelds from your body.
The gnoll misses you. You block the gnoll's attack.
It was a potion of brilliance.
You feel clever all of a sudden. You block the gnoll's attack.
It was a potion of degeneration.
There was something very wrong with that liquid.
You feel weakened.
You feel dopey.
You feel clumsy. The gnoll closely misses you.
It was a potion of curing.
You feel better.
The gnoll hits you from afar with a +0 spear.
* * * LOW HITPOINT WARNING * * *
The gnoll barely misses you.
Items here: $ )) [.
You hit the gnoll.
The gnoll is moderately wounded.
The gnoll barely misses you. You furiously retaliate!
You headbutt the gnoll!
You kill the gnoll!
Your Throwing skill increases to level 2!
You hit the gnoll. You headbutt the gnoll.
The gnoll is severely wounded.
The gnoll hits you with a +0 club.
* * * LOW HITPOINT WARNING * * *
You barely miss the gnoll.
The gnoll is severely wounded.
The gnoll hits you with a +0 club.
* * * LOW HITPOINT WARNING * * *
You closely miss the gnoll. Your headbutt misses the gnoll.
The gnoll is severely wounded.
The gnoll closely misses you. The gnoll misses you.
You barely miss the gnoll. Your headbutt misses the gnoll.
The gnoll is severely wounded.
You block the gnoll's attack.
You hit the gnoll. You headbutt the gnoll.
You kill the gnoll!
You hit the gnoll.
The gnoll is moderately wounded.
The gnoll zaps a wand.
The puff of flame hits you!
You die...

......##....####.#
####....##.#
#......## ..##
#.####.# #..# #.#
#.#
#.#####.#####.##
#...............
########g####...
#@# ##.######
#..†....#
#.....).#
#.......#
#.......#
#..........
#.......##.
..........


You could see a gnoll.

Vanquished Creatures
  An ice beast (D:5)
  Blork the orc (D:4)
  A scorpion (D:5)
  A gnoll bouda (D:5)
  A hound (D:4)
  An orc wizard (D:3)
  An iguana (D:4)
  4 gnolls (D:5)
  4 adders
  2 worms (D:3)
  8 dart slugs
  3 orcs (D:3)
  5 endoplasms
  4 giant cockroaches
  6 goblins
  6 hobgoblins
  5 kobolds
  2 quokkas
  4 ball pythons
  5 bats
  4 frilled lizards
  6 rats
75 creatures vanquished.

Vanquished Creatures (others)
  14 plants (D:4)
14 creatures vanquished.

Grand Total: 89 creatures vanquished

Notes
Turn   | Place    | Note
-------+----------+-------------------------------------------
     0 | D:1      | bmack86 the Minotaur Fighter began the quest for the Orb.
     0 | D:1      | Reached XP level 1. HP: 19/19 MP: 0/0
   103 | D:1      | Reached XP level 2. HP: 27/27 MP: 1/1
   129 | D:1      | Found a faded altar of an unknown god.
   640 | D:2      | Identified the +1 leather armour of Vegraope {Rampage}
   687 | D:2      | Reached XP level 3. HP: 33/33 MP: 2/2
  1168 | D:3      | Reached XP level 4. HP: 36/40 MP: 3/3
  1489 | D:3      | Found a sparkling altar of Nemelex Xobeh.
  2101 | D:4      | Noticed Blork the orc
  2153 | D:4      | Killed Blork the orc
  2154 | D:4      | Reached skill level 1 in Throwing
  2154 | D:4      | Reached XP level 5. HP: 16/47 MP: 4/4
  2416 | D:4      | Reached skill level 5 in Axes
  2497 | D:4      | Identified the +5 arbalest of Understanding {speed, Str+5}
  2690 | D:4      | Reached XP level 6. HP: 53/53 MP: 5/5
  2866 | D:5      | Entered Level 5 of the Dungeon
  2920 | D:5      | Noticed an ice beast
  2935 | D:5      | Killed an ice beast
  2944 | D:5      | Reached skill level 5 in Fighting
  2944 | D:5      | Reached skill level 5 in Armour
  3044 | D:5      | HP: 2/56 [gnoll/+0 spear[a gnoll bouda] (7)]
  3046 | D:5      | Reached skill level 5 in Shields
  3057 | D:5      | HP: 4/84 [gnoll/+0 spear[a gnoll bouda] (3)]
  3079 | D:5      | Killed from afar by a gnoll

Illustrated notes

Levels and vault maps discovered:
D:1:      onia_arrival_pyramid, layout_loops_ring,
          dreamdust_ecumenical_altar_angels_and_demons
D:2:      layout_rooms, serial_curves, eino_curves_02, eino_curves_04,
          lightli_corner_chamber
D:3:      layout_loops_cross, nemelex_diamond_rough_becter
D:4:      layout_basic, serial_bayou_lagoon_a, uniq_blork_the_orc
D:5:      layout_rooms, serial_curves, eino_curves_01, eino_curves_04

Skill      XL: |  1  2  3  4  5  6 |
---------------+-------------------+-----
Axes           | 3 4 5 |  5.7
Armour         | 4 5 |  5.1
Shields        | 4 5 |  5.0
Fighting       | 4 5 |  5.1
Throwing       | 1 2 |  2.0

Action                   |  1- 3 |  4- 6 || total
-------------------------+-------+-------++-------
Melee: War axe           |    70 |   121 ||   191
       Headbutt          |     7 |    19 ||    26
Throw: Dart              |       |     4 ||     4
  Use: Scroll            |     2 |     7 ||     9
       Potion            |       |     4 ||     4
Armor: Scale mail        |    29 |    70 ||    99
       Skin              |       |    13 ||    13
Dodge: Dodged            |    42 |    56 ||    98
Block: Buckler           |    23 |    30 ||    53

Table legend: (Time is in decaauts)
 A = Elapsed time spent in this place.
 B = Non-inter-level travel time spent in this place.
 C = Inter-level travel time spent in this place.
 D = Time resting spent in this place.
 E = Time spent auto-exploring this place.
 F = Levels seen in this place.
 G = Mean time per level.
                   A        B        C        D        E       F      G
               +--------+--------+--------+--------+--------+-----+--------+
         Total |   3151 |   3031 |    120 |      0 |   2013 |   5 |  630.2 |
       Dungeon |   3151 |   3031 |    120 |      0 |   2013 |   5 |  630.2 |
               +--------+--------+--------+--------+--------+-----+--------+

Top non-repeatable levels by time:
     D:4: 987 daAuts
     D:3: 778 daAuts
     D:1: 649 daAuts
     D:2: 539 daAuts
     D:5: 195 daAuts
